 Dungeon Crawl Stone Soup version 0.31-a0-963-ga325b2283a (webtiles) character file.

Game seed: 10739759689408351371

7692 Dordric the Mimic (level 11, -6/77 HPs)
             Began as a Green Draconian Shapeshifter on Oct 24, 2023.
             Was an Elder of Nemelex Xobeh.
             Mangled by a yak (13 damage)
             ... on level 11 of the Dungeon.
             The game lasted 00:20:04 (11412 turns).

Dordric the Mimic (Green Draconian Shapeshifter)   Turns: 11412, Time: 00:20:05

Health: -6/77      AC:  8    Str: 16    XL:     11   Next: 0%
Magic:  11/11      EV: 12    Int: 12    God:    Nemelex Xobeh [****..]
Gold:   644        SH:  0    Dex: 14    Spells: 10/10 levels left

rFire   . .          .
                       - Unarmed
rCold   + . .        (shield currently unavailable)
rNeg    + . .        (body armour unavailable)
rPois   +            (helmet restricted)
rElec   .            x - +0 cloak
rCorr   .            (no gloves)
SInv    .            (no boots)
Will    .....        I - amulet of regeneration
Stlth   +            o - ring of protection from cold
HPRegen 1.12/turn    e - ring of positive energy
MPRegen 0.12/turn

%: no passive effects
@: about to teleport, flux-form, glowing
A: glow, contaminating, breathe noxious fumes, AC +7, unfitting armour, poison
resistance, cold-blooded
a: Breathe Noxious Fumes, Begin Untransformation, Renounce Religion, Draw
Escape, Draw Destruction, Draw Summoning, Triple Draw, Deal Four


You were on level 11 of the Dungeon.
You worshipped Nemelex Xobeh.
Nemelex Xobeh was greatly pleased with you.
You were something dangerously unstable.
You visited 2 branches of the dungeon, and saw 12 of its levels.

You collected 644 gold pieces.

Inventory:

Hand Weapons
 m - a +2 short sword of electrocution
 p - a +1 dagger of venom
Missiles
 v - 7 throwing nets
Armour
 x - a +0 cloak (worn)
Jewellery
 e - a ring of positive energy (right hand)
 h - an amulet of the acrobat
 o - a ring of protection from cold (left hand)
 y - a ring of magical power
 A - an amulet of faith
 H - a ring of magical power
 I - an amulet of regeneration (around neck)
 M - a ring of flight
 N - a ring of wizardry
Talismans
 b - a beast talisman
 c - a flux talisman (active)
 B - a maw talisman
Wands
 r - a wand of flame (24)
 C - a wand of quicksilver (13)
 G - a wand of roots (9)
 L - a wand of charming (6)
Scrolls
 d - 9 scrolls of teleportation
 i - a scroll of torment
 l - a scroll of fear
 q - 2 scrolls of noise
 D - a scroll of blinking
 F - 2 scrolls of revelation
 J - a scroll of identify
 K - a scroll of fog
Potions
 a - a potion of lignification
 g - 5 potions of curing
 j - 2 potions of brilliance {unknown}
 k - 2 potions of ambrosia {unknown}
 n - 2 potions of cancellation {unknown}
 s - 2 potions of mutation {unknown}
 t - 2 potions of enlightenment {unknown}
 u - a potion of haste {unknown}
 w - a potion of attraction {unknown}
 z - a potion of invisibility {unknown}
 E - a potion of heal wounds {unknown}


   Skills:
 - Level 1.1 Fighting
 - Level 1.7 Dodging
 - Level 7.1 Unarmed Combat
 + Level 14.5 Shapeshifting


You had 10 spell levels left.
You didn't know any spells.
Your spell library contained the following spells:

 Spells                   Type           Power      Damage    Failure   Level
 Magic Dart               Conj           0%         1d3       32%         1
 Call Imp                 Summ           0%         N/A       45%         2
 Ensorcelled Hibernation  Hex/Ice        0%         N/A       45%         2
 Jinxbite                 Hex            0%         N/A       45%         2
 Mephitic Cloud           Conj/Pois/Air  0%         N/A       69%         3
 Volatile Blastmotes      Fire/Tloc      0%         2d10      69%         3
 Anguish                  Hex/Necr       0%         N/A       97%         4
 Animate Dead             Necr           0%         N/A       97%         4
 Fulminant Prism          Conj/Hex       0%         3d5       97%         4
 Iskenderun's Mystic Bla  Conj/Tloc      0%         2d3       97%         4
 Borgnjor's Vile Clutch   Necr/Erth      0%         N/A       100%        5
 Death Channel            Necr           0%         N/A       100%        6


Dungeon Overview and Level Annotations

Branches:
Dungeon (11/15)            Temple (1/1) D:4             Orc (0/2) D:9
   Lair: D:8-11

Altars:
Ashenzari
Cheibriados
Dithmenos
Elyvilon
Fedhas
Gozag
Hepliaklqana
Kikubaaqudgha
Makhleb
Nemelex Xobeh
Okawaru
Qazlal
Ru
Sif Muna
Trog
Uskayaw
Vehumet
Wu Jian
Xom
Yredelemnul
Zin
The Shining One

Shops:
D:1 (   D:6 *[==!   D:9 =

Annotations:
D:3 1 runed translucent door, Crazy Yiuf


Innate Abilities, Weirdness & Mutations

You are something dangerously unstable.
You glow with magical radiation, making you easy to see and hit.
Foes you strike become dangerously contaminated with magical radiation.
You are incapable of wielding weapons or throwing items.
You can breathe blasts of noxious fumes.
Your lurid green scales are hard. (AC +7)
You cannot fit into any form of body armour.
Your system is resistant to poisons. (rPois)
You are cold-blooded and may be slowed by cold attacks.


Message History

The yak is engulfed in noxious fumes.
The yak gores you.
You are too injured to fight recklessly!
You hit the yak.
The yak begins to glow.
The yak is heavily wounded.
The yak gores you but does no damage.
You hit the yak but do no damage.
The yak glows dangerously bright.
The yak is heavily wounded.
The yak seems less confused.
The yak gores you!
* * * LOW HITPOINT WARNING * * *
You hit the yak but do no damage.
The yak shudders as magic cascades through it!!!
You kill the yak!
You have reached level 11!
You have got your breath back.
HP restored.
Done exploring.
Done exploring.
Done exploring.
Done exploring.
Done exploring.
There is a stone staircase leading down here.
Okay, then.
There is a stone staircase leading down here.
You climb downwards.
The yak closely misses you.
The yak gores you but does no damage. x2; The yak gores you!
The yak closely misses you. The yak barely misses you. The yak gores you!
The yak gores you. The yak barely misses you.
The yak gores you but does no damage. The yak completely misses you.
The yak gores you but does no damage.
There is a stone staircase leading up, spattered with blood here.
As you read the scroll of teleportation, it crumbles to dust.
You feel strangely unstable. The yak gores you. The yak misses you.
The yak gores you! x3
* * * LOW HITPOINT WARNING * * *
The yak gores you!
* * * LOW HITPOINT WARNING * * *
The yak gores you!
You die...
Your body glows with a rainbow of weird colours and disappears.

###......###..#
.....Y........##
####..Y.Y####.(.#
..##.Y.... ##..###
#....##....# #.K..###
##...###...K.##K....#
K..<..##. #...#....##
Y..##..#. ###.YYY...##
...............#pY.)..#
..Y..##......#.#YY....#
.....# .#......Y..<..#
.....# #.#...........#
.....# # ..####....###
^...... ..# ....#
........ ....# ....$...
..).# ..P.P...


You could see 7 yaks, 2 kobold brigands and a kobold.

Vanquished Creatures
  A boulder beetle (D:10)
  A two-headed ogre (D:8)
  Pikel (D:4)
  Joseph (D:8)
  An unseen horror (D:10)
  A hornet (D:7)
  8 yaks (D:10)
  2 wyverns
  2 steam dragons
  An acid dragon (D:10)
  3 water moccasins
  2 ice beasts
  An orc warrior (D:9)
  2 sky beasts (D:7)
  3 centaurs
  An ogre (D:6)
  2 lemures (D:4)
  3 kobold brigands
  5 bullfrogs
  A wyvern zombie (D:7)
  3 gnoll sergeants
  3 scorpions
  A water moccasin zombie (D:7)
  7 wights
  2 howler monkeys
  A centaur zombie (D:7)
  2 orc priests
  4 jellies
  5 hounds
  A gnoll bouda (D:7)
  Ijyb (D:3)
  Terence (D:3)
  4 sleepcaps
  2 iguanas
  4 orc wizards
  A howler monkey zombie (D:7)
  12 gnolls
  7 adders
  A shadow imp (D:6)
  A white imp (D:7)
  An ufetubus (D:7)
  3 dart slugs
  12 orcs
  7 bats
  15 endoplasms
  2 giant cockroaches
  5 goblins
  3 hobgoblins
  4 jackals (D:1)
  27 kobolds
  4 quokkas
  9 ball pythons
  3 frilled lizards
  4 rats
  A spectral goblin (D:4)
205 creatures vanquished.

Vanquished Creatures (collateral kills)
  An iguana (D:7)
1 creature vanquished.

Grand Total: 206 creatures vanquished

Notes
Turn   | Place    | Note
-------+----------+-------------------------------------------
     0 | D:1      | Dordric the Draconian Shapeshifter began the quest for the
                  | Orb.
     0 | D:1      | Reached XP level 1. HP: 16/16 MP: 1/1
    88 | D:1      | Reached XP level 2. HP: 11/23 MP: 2/2
   439 | D:1      | Reached skill level 4 in Shapeshifting
   455 | D:1      | Found Vockugob's Weapon Emporium.
   480 | D:1      | Reached XP level 3. HP: 28/28 MP: 3/3
   642 | D:2      | Found a glowing golden altar of the Shining One.
  1020 | D:2      | Reached XP level 4. HP: 17/35 MP: 4/4
  1500 | D:1      | Reached skill level 5 in Shapeshifting
  1618 | D:1      | Reached XP level 5. HP: 34/40 MP: 5/5
  1896 | D:3      | Found a runed translucent door.
  1897 | D:3      | Noticed Crazy Yiuf
  2394 | D:3      | Noticed Terence
  2409 | D:3      | Killed Terence
  2410 | D:3      | Reached skill level 6 in Shapeshifting
  2559 | D:3      | Noticed Ijyb
  2592 | D:3      | Killed Ijyb
  3076 | D:4      | Found a staircase to the Ecumenical Temple.
  3092 | Temple   | Entered the Ecumenical Temple
  3238 | Temple   | Became a worshipper of Nemelex Xobeh the Trickster
  3430 | D:4      | Noticed a lemure
  3431 | D:4      | Noticed a lemure
  3457 | D:4      | Killed a lemure
  3485 | D:4      | Noticed a lemure
  3512 | D:4      | Killed a lemure
  3559 | D:4      | Noticed Pikel
  3559 | D:4      | Noticed a lemure
  3610 | D:4      | Killed Pikel
  3611 | D:4      | Reached skill level 7 in Shapeshifting
  3611 | D:4      | Reached XP level 6. HP: 13/47 MP: 6/6
  3611 | D:4      | Your scales start taking on a lurid green colour.
  3611 | D:4      | Reached XP level 7. HP: 15/52 MP: 7/7
  3611 | D:4      | Gained mutation: Your system is resistant to poisons.
                  | (rPois) [Green Draconian growth]
  3792 | D:4      | Reached skill level 5 in Unarmed Combat
  4135 | D:4      | Found a hazy altar of Hepliaklqana.
  4401 | D:5      | Entered Level 5 of the Dungeon
  4418 | D:5      | Found a glowing golden altar of the Shining One.
  4641 | D:5      | Reached XP level 8. HP: 50/59 MP: 8/8
  4738 | D:5      | Reached * piety under Nemelex Xobeh
  5244 | D:6      | Found Beuru Sau's Jewellery Emporium.
  5279 | D:6      | Received a gift from Nemelex Xobeh
  5285 | D:6      | Reached skill level 8 in Shapeshifting
  5372 | D:6      | Found Suepoits's Jewellery Emporium.
  5423 | D:6      | Found Rihoschou's Antique Armour Shop.
  5453 | D:6      | Found Vahyck's General Store.
  5703 | D:6      | Found a shadowy altar of Dithmenos.
  5858 | D:6      | Found Muynerghe's Distillery.
  5861 | D:6      | Reached ** piety under Nemelex Xobeh
  6170 | D:6      | Found a broken altar of Ashenzari.
  6386 | D:6      | Reached skill level 9 in Shapeshifting
  6699 | D:7      | Found a basalt altar of Yredelemnul.
  6829 | D:7      | Reached XP level 9. HP: 31/64 MP: 9/9
  7129 | D:7      | Received a gift from Nemelex Xobeh
  7437 | D:7      | Reached skill level 10 in Shapeshifting
  7827 | D:7      | Reached skill level 11 in Shapeshifting
  8423 | D:8      | Noticed Joseph
  8442 | D:8      | Killed Joseph
  8443 | D:8      | Reached skill level 12 in Shapeshifting
  8443 | D:8      | Reached XP level 10. HP: 62/71 MP: 10/10
  9046 | D:8      | Reached *** piety under Nemelex Xobeh
  9078 | D:8      | Noticed a two-headed ogre
  9087 | D:8      | Killed a two-headed ogre
  9358 | D:8      | Reached skill level 13 in Shapeshifting
  9825 | D:9      | Found a staircase to the Orcish Mines.
 10100 | D:9      | Received a gift from Nemelex Xobeh
 10105 | D:9      | Found Vyheygg's Jewellery Shop.
 10484 | D:10     | Entered Level 10 of the Dungeon
 10535 | D:10     | Reached **** piety under Nemelex Xobeh
 10572 | D:10     | Noticed a boulder beetle
 10599 | D:10     | Killed a boulder beetle
 10818 | D:10     | Reached skill level 14 in Shapeshifting
 11148 | D:10     | Found an iron altar of Okawaru.
 11151 | D:10     | Found a white marble altar of Elyvilon.
 11154 | D:10     | Found a sacrificial altar of Ru.
 11192 | D:10     | Received a gift from Nemelex Xobeh
 11353 | D:10     | Reached XP level 11. HP: 22/77 MP: 11/11
 11412 | D:11     | Mangled by a yak

Illustrated notes

Levels and vault maps discovered:
D:1:      co_arrival_square_in_a_square_in_a_square, layout_rooms, serial_shops,
          nicolae_shop_bloodbath_and_beyond, minmay_misc_feat_roman
D:2:      cheibrodos_fertilizer, layout_loops_ring, basic_altar
D:3:      layout_basic, uniq_ijyb, uniq_terence, uniq_crazy_yiuf_cottage
D:4:      layout_layer_cave, nicolae_hepliaklqana_monster_ancestors,
          minmay_temple_entry_glassed_door, uniq_pikel
D:5:      layout_basic, mainiacjoe_overflow_six_doors_small,
          amcnicky_mini_pool_small
D:6:      layout_loops_ring, mainiacjoe_overflow_swirl, serial_shops,
          nicolae_shop_advertising_works [nicolae_subvault_shop_adworks],
          nicolae_shop_just_a_little_nook, nicolae_shop_tiny_statue_garden,
          shop_fountains, shop
D:7:      minmay_bubble_buster, layout_basic, lemuel_doored_altar,
          serial_undead, serial_undead_c, serial_undead_f, serial_undead_c,
          serial_undead_a
D:8:      layout_basic, uniq_joseph
D:9:      layout_irregular_city, orc_0_dummy, serial_column_ruins,
          column_ruins_open_tiny, column_ruins_grid_1, column_ruins_open_small,
          column_ruins_corridor_corner, column_ruins_grid_1,
          column_ruins_open_small, column_ruins_grid_1, serial_shops, shop,
          hex_large, nicolae_concentric_dashed_squares_wild,
          corexii_corridor_pit
D:10:     layout_cave_pools, grunt_temple_overflow_diamond
D:11:     layout_rooms, minmay_lair_entry_grove
Temple:   jpeg_temple_clearing

Skill      XL: |  1  2  3  4  5  6  7  8  9 10 |
---------------+-------------------------------+-----
Shapeshifting  | 4 5 7 9 12 14 | 14.5
Unarmed Combat | 4 5 7 |  7.1
Fighting       | |  1.1
Dodging        | |  1.7

Action                     |  1- 3 |  4- 6 |  7- 9 | 10-12 || total
---------------------------+-------+-------+-------+-------++-------
  Melee: Unarmed           |   127 |    93 |   353 |   189 ||   762
         Tailslap          |     7 |    25 |    62 |    32 ||   126
         Punch             |     1 |       |     1 |       ||     2
         Short sword       |       |    21 |       |       ||    21
         Dagger            |       |    25 |       |       ||    25
         Maw               |       |       |    11 |       ||    11
 Invoke: Draw Destruction  |       |       |       |     3 ||     3
Ability: Breathe Noxious F |       |       |     7 |    12 ||    19
  Evoke: Wand              |       |     8 |       |       ||     8
    Use: Scroll            |       |     3 |     6 |     5 ||    14
   Stab: Sleeping          |     3 |       |       |       ||     3
         Confused          |       |       |     6 |     5 ||    11
 Armour: Skin              |    80 |    66 |   181 |   196 ||   523
  Dodge: Dodged            |    90 |    95 |   216 |   139 ||   540
   Form: Flux              |       |     1 |     1 |       ||     2
         Maw               |       |       |     1 |       ||     1

Table legend: (Time is in decaauts)
 A = Elapsed time spent in this place.
 B = Non-inter-level travel time spent in this place.
 C = Inter-level travel time spent in this place.
 D = Time resting spent in this place.
 E = Time spent auto-exploring this place.
 F = Levels seen in this place.
 G = Mean time per level.
                   A        B        C        D        E       F      G
               +--------+--------+--------+--------+--------+-----+--------+
         Total |  11342 |  10979 |    363 |   1188 |   7691 |  12 |  945.2 |
       Dungeon |  11171 |  10828 |    343 |   1188 |   7691 |  11 | 1015.5 |
        Temple |    170 |    150 |     20 |      0 |      0 |   1 |  170.0 |
               +--------+--------+--------+--------+--------+-----+--------+

Top non-repeatable levels by time:
     D:7: 1653 daAuts
     D:8: 1352 daAuts
     D:6: 1331 daAuts
     D:3: 1213 daAuts
     D:4: 1172 daAuts
     D:2: 989 daAuts
    D:10: 892 daAuts
     D:9: 862 daAuts
     D:1: 840 daAuts
     D:5: 836 daAuts
  Temple: 170 daAuts
    D:11: 27 daAuts
